AoeStats
← OFA

MegaRandom

506491616Analyzed
3v3 RM · 18d ago on Sep 13, 2026· 41m 54s· 6 players
Game mode
Random Map
Map size
Normal (6 player)
Population
200
Speed
Normal
Resources
Standard
Victory
Conquest
Starting age
Dark Age
Ending age
Imperial Age
RankedLock teamsTeams togetherTeam positionsShared explorationLock speedFull tech treeHidden civsTurbo modeCheats
Victory
Defeat
🇺🇸 Mongols · United States
1350
+8
🇬🇧 Franks · United Kingdom
1024
+20
🇳🇱 Britons · Netherlands
1011
+20
🇲🇽 Romans · Mexico
1156
-17
🇺🇸 Khmer · United States
1135
-16
🇹🇷 Cumans · Türkiye
1099
-15
alexgelas
8:47 Loom
11:08 Feudal Age
12:05 Double-Bit Axe
12:31 Horse Collar
18:07 Scale Barding Armor
19:00 Wheelbarrow
19:24 Forging
23:20 Castle Age
21:58 Gold Mining
22:03 Stone Mining
22:49 Bloodlines
24:53 Bow Saw
25:34 Heavy Plow
25:47 Fletching
27:53 Bodkin Arrow
28:49 Padded Archer Armor
28:17 Pikeman
29:03 Scale Mail Armor
29:22 Hand Cart
30:00 Husbandry
31:17 Leather Archer Armor
31:39 Demolition Ship
33:12 Squires
37:28 Imperial Age
35:48 Chain Mail Armor
37:34 Gold Shaft Mining
39:31 Plate Mail Armor
39:10 Elite Mangudai
40:32 Bracer
Jesse
12:44 Feudal Age
11:00 Loom
19:15 Castle Age
17:29 Fletching
18:14 Double-Bit Axe
18:58 Horse Collar
20:16 Medium Warships
20:06 Bodkin Arrow
27:54 Ballistics
34:05 Bow Saw
33:59 Heavy Plow
39:33 Imperial Age
36:50 Town Watch
39:46 Clinker Construction
39:48 Careening
39:52 Masonry
40:25 Wheelbarrow
39:51 Town Patrol
41:11 Heavy Warships
40:50 Bracer
41:53 Chemistry
broesel
4:27 Loom
12:22 Feudal Age
13:08 Double-Bit Axe
15:54 Wheelbarrow
15:21 Gold Mining
20:44 Castle Age
19:31 Fishing Lines
21:24 Gillnets
22:19 Wheelbarrow
25:33 Hand Cart
30:22 Medium Warships
31:14 Gold Shaft Mining
34:57 Imperial Age
32:31 Squires
34:55 Husbandry
35:21 Scale Barding Armor
36:18 Heavy Warships
35:57 Stone Mining
37:12 Conscription
36:17 Cavalier
37:09 Pikeman
38:05 Chivalry
39:27 Chemistry
39:13 Halberdier
40:09 Forging
OFA
3:28 Loom
5:13 Loom
9:27 Loom
12:49 Feudal Age
18:37 Castle Age
17:41 Double-Bit Axe
26:04 Wheelbarrow
27:05 Pikeman
27:11 Demolition Ship
28:02 Medium Warships
31:16 Horse Collar
31:49 Bow Saw
36:05 Imperial Age
35:21 Scale Barding Armor
35:26 Forging
35:07 Fletching
35:17 Padded Archer Armor
35:18 Scale Mail Armor
37:14 Heavy Warships
37:29 Steppe Husbandry
37:50 Conscription
37:48 Bloodlines
37:02 Light Cavalry
37:52 Bodkin Arrow
38:33 Iron Casting
38:18 Chain Barding Armor
39:49 Two-Man Saw
39:25 Parthian Tactics
38:21 Elite Skirmisher
39:34 Heavy Plow
40:21 Chain Mail Armor
40:21 Leather Archer Armor
41:07 Hand Cart
41:30 Crop Rotation
41:58 Ballistics
42:39 Chemistry
41:54 Hussar
MrDuffyMcDuff
0:28 Loom
15:09 Feudal Age
15:52 Double-Bit Axe
17:08 Gold Mining
22:00 Castle Age
22:01 Horse Collar
23:55 Gold Shaft Mining
23:32 Bow Saw
23:15 Stone Mining
23:46 Heavy Plow
25:28 Wheelbarrow
30:12 Hand Cart
32:09 Bloodlines
31:59 Husbandry
31:20 Light Cavalry
33:44 Scale Barding Armor
33:49 Forging
34:48 Ballistics
39:23 Imperial Age
40:16 Chain Barding Armor
40:32 Iron Casting
39:29 Hussar
40:52 Conscription
arq_lobo
7:26 Loom
11:17 Feudal Age
13:00 Double-Bit Axe
20:33 Castle Age
18:50 Fletching
19:11 Forging
19:01 Gold Mining
20:58 Wheelbarrow
20:13 Fishing Lines
21:27 Medium Warships
21:24 Bodkin Arrow
27:55 Careening
34:29 Ballistics
35:27 Horse Collar
36:05 Clinker Construction
37:53 Gold Shaft Mining
38:00 Bow Saw
39:01 Heavy Plow
43:10 Imperial Age
41:05 Hand Cart
Connection lost

Rejoining the realm…

Still unreachable

The connection could not be restored.

Session expired

The server has moved on; the page needs a fresh start.